 Dungeon Crawl Stone Soup version 0.27-a0-1590-g15f69828bf (webtiles) character file.

Game seed: 13136124991283499345

20967 flotson the Blocker (level 12, -52/91 HPs)
             Began as a Demonspawn Delver on July 19, 2021.
             Was an Initiate of Gozag.
             Killed from afar by an ice dragon (65 damage)
             ... with a blast of cold
             ... on level 11 of the Dungeon.
             The game lasted 00:34:56 (16974 turns).

flotson the Blocker (Demonspawn Delver)            Turns: 16974, Time: 00:34:59

Health: -52/91     AC: 13    Str: 16    XL:     12   Next: 50%
Magic:  0/17       EV: 14    Int: 18    God:    Gozag
Gold:   2222       SH: 11    Dex: 14    Spells: 6/18 levels left

rFire    + + .     SeeInvis .   k - +1 hand axe (distort)
rCold    x . .     Faith    .   w - +0 kite shield
rNeg     . . .     Spirit   +   H - +0 fire dragon scales
rPois    .         Reflect  .   (helmet restricted)
rElec    .         Harm     .   J - +2 cloak {Will+}
rCorr    .         Rampage  .   (no gloves)
Will     +....                  (no boots)
Stlth    +.........             p - amulet of guardian spirit
HPRegen  0.25/turn              v - +4 ring of evasion
MPRegen  0.30/turn              A - +4 ring of slaying

@: studying Ice Magic
A: horns 2, magic regeneration, big brain 2, demonic magic 2
a: Renounce Religion, Potion Petition, Call Merchant, Bribe Branch


You were on level 11 of the Dungeon.
You worshipped Gozag.
Gozag was most pleased with you.
You visited 1 branch of the dungeon, and saw 11 of its levels.
You also visited: Bailey.

You collected 2969 gold pieces.
You spent 702 gold pieces at shops.
You paid 45 gold pieces to Gozag.

Inventory:

Hand Weapons
 a - a +1 war axe
 b - a +1 hand axe of flaming
 k - a +1 hand axe of distortion (weapon)
Missiles
 f - a boomerang of dispersal
 o - 90 boomerangs
 q - 7 silver javelins
 E - 51 poisoned darts
 P - 6 curare-tipped darts (quivered)
Armour
 w - a +0 kite shield (worn)
 x - a +0 leather armour of cold resistance
 H - +0 fire dragon scales (worn)
 I - a scarf of shadows
 J - a +2 cloak of willpower (worn)
Magical Staves
 G - a staff of death
Jewellery
 p - an amulet of guardian spirit (around neck)
 v - a +4 ring of evasion (left hand)
 A - a +4 ring of slaying (right hand)
 C - a ring of ice
Wands
 g - a wand of digging (9)
 i - a wand of iceblast (4)
Scrolls
 c - 5 scrolls of fog
 d - a scroll of magic mapping
 h - a scroll of enchant armour {unknown}
 j - 2 scrolls of blinking
 n - 4 scrolls of enchant weapon
 r - 2 scrolls of noise {unknown}
 u - 2 scrolls of amnesia
 y - a scroll of immolation {unknown}
 z - a scroll of torment {unknown}
 R - a scroll of fear
 S - a scroll of vulnerability {unknown}
 T - a scroll of summoning {unknown}
Potions
 e - 3 potions of curing
 l - a potion of degeneration
 m - 2 potions of haste
 s - 3 potions of might
 t - a potion of lignification
 B - a potion of berserk rage
 F - 2 potions of cancellation
 L - 2 potions of magic
 M - 2 potions of invisibility
 O - 2 potions of mutation
 Q - 2 potions of flight
Miscellaneous
 D - a phantom mirror


   Skills:
 + Level 7.4 Fighting
 + Level 6.2 Axes
 - Level 4.6 Throwing
 + Level 5.9 Armour
 + Level 6.2 Dodging
 - Level 4.5 Stealth
 + Level 9.5 Shields
 + Level 3.8 Spellcasting
 + Level 3.5 Conjurations
 + Level 2.4 Summonings
 + Level 2.2 Necromancy
 + Level 1.6 Transmutations
 + Level 1.6 Fire Magic
 + Level 3.3 Air Magic
 + Level 4.4 Poison Magic
 - Level 4.4 Evocations


You had 6 spell levels left.
You knew the following spells:

 Your Spells              Type           Power      Damage    Failure   Level
a - Call Imp              Summ           12%        N/A       56%         2
b - Poisonous Vapours     Pois/Air       34%        N/A       36%         2
c - Ignite Poison         Fire/Tmut/Pois 12%        N/A       78%         3
d - Mephitic Cloud        Conj/Pois/Air  17%        N/A       61%         3
e - Sting                 Tmut/Pois      56%        1d5       34%         1
f - Magic Dart            Conj           64%        1d6       28%         1

Your spell library contained the following spells:

 Spells                   Type           Power      Damage    Failure   Level
 Shock                    Conj/Air       60%        1d6       30%         1
 Searing Ray              Conj           32%        3d4       41%         2
 Swiftness                Air            15%        N/A       67%         3
 Spider Form              Tmut/Pois      7%         N/A       71%         3
 Conjure Flame            Conj/Fire      12%        6-21      77%         3
 Olgreb's Toxic Radiance  Pois           19%        N/A       90%         4
 Airstrike                Air            7%         N/A       97%         4
 Ozocubu's Armour         Ice            3%         N/A       98%         3
 Animate Dead             Necr           5%         N/A       99%         4
 Fulminant Prism          Conj/Hex       4%         3d6       99%         4
 Sticky Flame             Conj/Fire      12%        2d4       99%         4
 Summon Ice Beast         Ice/Summ       7%         N/A       100%        4
 Borgnjor's Vile Clutch   Necr/Erth      3%         N/A       100%        5
 Iskenderun's Battlesphe  Conj           16%        2d7       100%        5
 Metabolic Englaciation   Hex/Ice        1%         N/A       100%        5
 Summon Forest            Summ/Tloc      3%         N/A       100%        5
 Summon Mana Viper        Hex/Summ       7%         N/A       100%        5
 Death Channel            Necr           5%         N/A       100%        6
 Eringya's Noxious Bog    Tmut/Pois      7%         N/A       100%        6
 Iron Shot                Conj/Erth      4%         9d2       100%        6
 Simulacrum               Ice/Necr       3%         N/A       100%        6
 Statue Form              Tmut/Erth      4%         N/A       100%        6
 Haunt                    Necr/Summ      5%         N/A       100%        7
 Monstrous Menagerie      Summ           6%         N/A       100%        7
 Ozocubu's Refrigeration  Ice            1%         4d5       100%        7
 Spellforged Servitor     Conj/Summ      7%         N/A       100%        7
 Summon Hydra             Summ           6%         N/A       100%        7
 Summon Horrible Things   Summ           6%         N/A       100%        8


Dungeon Overview and Level Annotations

Branches:
Dungeon (11/15)            Temple (0/1) D:5            Lair (0/6) D:11
    Orc (0/2) D:11         Bailey (visited)

Altars:
Gozag
Hepliaklqana
Kikubaaqudgha
Makhleb
Trog
Uskayaw
Wu Jian
Zin
Beogh

Shops:
D:7 *   D:8 :

Annotations:
D:8 2 transporters, DemonSlayer's ghost, novice HuBe
D:9 Erica


Innate Abilities, Weirdness & Mutations

You have a pair of horns on your head.
You regenerate magic rapidly.
You have an extremely huge brain. (Int +4)
Spells you cast may paralyse nearby enemies.


Message History

You slash the ice dragon!
Space bends around the ice dragon.
You headbutt the ice dragon.
The ice dragon is moderately wounded.
You block the ice dragon's attack.
The ice dragon claws you but does no damage.
You block the ice dragon's attack.
You completely miss the ice dragon. You headbutt the ice dragon!
The ice dragon is heavily wounded.
You block the ice dragon's attack.
The ice dragon claws you but does no damage.
You block the ice dragon's attack.
You hit the ice dragon. You headbutt the ice dragon.
The ice dragon is heavily wounded.
You block the ice dragon's attack.
The ice dragon claws you but does no damage.
The ice dragon tramples you!
You stumble backwards!
You hit the ice dragon.
Space warps horribly around the ice dragon!
You headbutt the ice dragon!
The ice dragon is severely wounded.
The ice dragon breathes frost at you. The blast of cold hits you!!!
You feel a terrible chill!
Ouch! That really hurt!
You hit the ice dragon.
Space bends around the ice dragon.
The ice dragon is almost dead.
The ice dragon misses you. You block the ice dragon's attack.
The ice dragon tramples you.
* * * LOW HITPOINT WARNING * * *
You stumble backwards!
The ice dragon bites you.
* * * LOW HITPOINT WARNING * * *
You block the ice dragon's attack. The ice dragon tramples you!
* * * LOW HITPOINT WARNING * * *
You stumble backwards!
You closely miss the ice dragon.
The ice dragon is almost dead.
The ice dragon breathes frost at you. The blast of cold hits you!!!
You feel a terrible chill!
Ouch! That really hurt!
You die...
Your body crumbles into a pile of gold.

#.......##.........#
#.......##.........'
#........(........)#
#.........[........#
#..................#
#..................#
#...$..............#
#...D.......########
###########..@......###
# #...................#
# #.###################
###### #.# #..... #.#
#.#### #.# #.# #.# #.#
# #.# #.# ## #.# #.###.


You could see an ice dragon (catching breath).

Vanquished Creatures
  Josephine (D:11)
  2 hydras (D:10)
  Fannar (D:11)
  2 two-headed ogres
  A deep elf pyromancer (D:10)
  2 slime creatures (D:11)
  A komodo dragon (D:11)
  3 rime drakes
  4 kobold demonologists (D:11)
  2 dream sheep (D:10)
  5 yaks
  A vampire (D:11)
  A wyvern (D:8)
  A shadow (D:10)
  4 wraiths
  Grum (D:8)
  Menkaure (D:5)
  2 water moccasins
  2 ice beasts
  A sky beast (D:7)
  2 orc warriors
  A necrophage (D:4)
  3 wolves
  3 ogres
  2 centaurs
  6 kobold brigands
  2 bullfrogs
  A wyvern zombie (D:8)
  2 scorpions
  A wyvern skeleton (D:6)
  2 water moccasin zombies (D:6)
  9 killer bees
  5 wights (D:10)
  A howler monkey (D:6)
  3 centaur zombies
  A bullfrog zombie (D:7)
  3 hounds
  Crazy Yiuf (D:4)
  A centaur skeleton (D:7)
  A jelly (D:5)
  5 orc priests
  3 iron imps (D:9)
  3 bullfrog skeletons
  7 orc wizards
  3 iguanas
  A killer bee zombie (D:6)
  A howler monkey zombie (D:6)
  A howler monkey skeleton (D:6)
  16 gnolls
  An adder (D:3)
  A white imp (D:6)
  5 dart slugs
  28 orcs
  10 ball pythons
  2 bat zombies (D:5)
  8 endoplasms
  4 giant cockroaches
  4 goblins
  12 hobgoblins
  12 jackals
  3 quokkas
  4 bats
  A frilled lizard (D:3)
  22 kobolds
  5 rats
  4 rat zombies (D:5)
254 creatures vanquished.

Vanquished Creatures (others)
  10 fungi (D:4)
  9 plants (D:11)
  2 withered plants (D:6)
21 creatures vanquished.

Grand Total: 275 creatures vanquished

Notes
Turn   | Place    | Note
-------+----------+-------------------------------------------
     0 | D:5      | flotson the Demonspawn Delver began the quest for the Orb.
     0 | D:5      | Reached XP level 1. HP: 18/18 MP: 1/1
    26 | D:5      | Noticed a scorpion
    59 | D:3      | Noticed an orc wizard
    73 | D:4      | Gained mutation: You have a pair of small horns on your
                  | head. [demonic ancestry]
    73 | D:4      | Reached XP level 2. HP: 13/24 MP: 2/2
   256 | D:4      | Found an opulent altar of Gozag.
  1142 | D:1      | Reached skill level 1 in Armour
  1266 | D:1      | Found a faded altar of an unknown god.
  1314 | D:1      | Gained mutation: You have an unusually large brain. (Int
                  | +2) [demonic ancestry]
  1314 | D:1      | Reached XP level 3. HP: 29/29 MP: 3/3
  2439 | D:2      | Gained mutation: You have a pair of horns on your head.
                  | [demonic ancestry]
  2439 | D:2      | Reached XP level 4. HP: 23/36 MP: 4/4
  2987 | D:4      | Became a worshipper of Gozag Ym Sagoz the Greedy
  3051 | D:3      | Reached skill level 1 in Throwing
  3069 | D:3      | Reached XP level 5. HP: 41/42 MP: 5/5
  3652 | D:3      | Found a bloodstained altar of Trog.
  3698 | D:3      | Gained mutation: You have an extremely huge brain. (Int +4)
                  | [demonic ancestry]
  3698 | D:3      | Reached XP level 6. HP: 37/48 MP: 6/6
  4859 | D:4      | Reached skill level 1 in Evocations
  5265 | D:4      | Found a runed translucent door.
  5266 | D:4      | Noticed Crazy Yiuf
  5604 | D:4      | Killed Crazy Yiuf
  5781 | D:5      | Reached skill level 1 in Shields
  5845 | D:5      | Found a staircase to the Ecumenical Temple.
  5856 | D:5      | Noticed Menkaure
  5861 | D:5      | Killed Menkaure
  5862 | D:5      | Reached XP level 7. HP: 30/55 MP: 7/7
  6409 | D:5      | Found an ancient bone altar of Kikubaaqudgha.
  6489 | D:5      | Found a hazy altar of Hepliaklqana.
  6549 | D:5      | Found an ornate altar of the Wu Jian Council.
  6936 | D:6      | Reached skill level 2 in Shields
  7020 | D:6      | Gained mutation: Spells you cast may paralyse adjacent
                  | enemies. [demonic ancestry]
  7020 | D:6      | Reached XP level 8. HP: 42/61 MP: 8/8
  7140 | D:6      | Reached skill level 5 in Fighting
  8347 | D:7      | Found Famog's Neck Hole.
  8556 | D:7      | Bought an amulet of guardian spirit for 360 gold pieces
  8556 | D:7      | Bought a scarf of shadows for 144 gold pieces
  8773 | D:7      | Reached skill level 3 in Shields
  9565 | D:8      | Gained mutation: Spells you cast may paralyse nearby
                  | enemies. [demonic ancestry]
  9565 | D:8      | Reached XP level 9. HP: 51/68 MP: 5/9
  9612 | D:8      | Found Ifonlo's Book Shop.
  9634 | D:8      | Bought a book of Minor Magic for 198 gold pieces
  9637 | D:8      | Learned a level 2 spell: Call Imp
 10096 | D:8      | Found a flagged portal.
 10104 | Bailey   | Entered a bailey
 10613 | Bailey   | Reached skill level 1 in Summonings
 10631 | Bailey   | Acquired Sacyllinuck's Compendium of the Mutagenic
                  | Entourage
 10636 | Bailey   | Learned a level 2 spell: Poisonous Vapours
 10640 | Bailey   | Learned a level 3 spell: Ignite Poison
 10718 | Bailey   | Reached skill level 1 in Spellcasting
 11118 | D:7      | Reached skill level 1 in Poison Magic
 11359 | D:8      | Noticed Grum
 11706 | D:6      | Acquired 1005 gold pieces
 11782 | D:7      | Reached skill level 5 in Axes
 11782 | D:7      | Reached skill level 5 in Dodging
 12183 | D:8      | Killed Grum
 12272 | D:8      | Reached skill level 4 in Shields
 12486 | D:8      | Found a transporter.
 12505 | D:8      | Identified the +3 dire flail of Contention {holy, Int+2
                  | Stlth+}
 12505 | D:8      | Identified the +6 great mace of Famine {protect, rC++ Str+4
                  | Int-5}
 12505 | D:8      | Noticed a two-headed ogre
 12505 | D:8      | Noticed DemonSlayer's ghost (novice HuBe)
 12510 | D:8      | Found a transporter.
 12630 | D:8      | Learned a level 3 spell: Mephitic Cloud
 12696 | D:8      | Gained mutation: You regenerate magic rapidly. [demonic
                  | ancestry]
 12696 | D:8      | Reached XP level 10. HP: 41/76 MP: 8/13
 12912 | D:8      | Learned a level 1 spell: Sting
 13193 | D:9      | Noticed Erica
 13440 | D:9      | Found a burning altar of Makhleb.
 13628 | D:10     | Entered Level 10 of the Dungeon
 13638 | D:10     | Noticed a deep elf pyromancer
 13697 | D:10     | Reached skill level 1 in Air Magic
 13700 | D:10     | Reached skill level 1 in Conjurations
 13896 | D:10     | Reached skill level 5 in Armour
 14100 | D:10     | Killed a deep elf pyromancer
 14201 | D:10     | Noticed a two-headed ogre
 14209 | D:10     | Killed a two-headed ogre
 14262 | D:10     | Noticed a +0 dagger
 14262 | D:10     | Noticed a +0 short sword
 14262 | D:10     | Noticed a +0 falchion
 14264 | D:10     | Noticed a +0 spear
 14264 | D:10     | Noticed a +0 spear
 14276 | D:10     | Noticed a +0 falchion
 14276 | D:10     | Noticed a +0 dagger
 14277 | D:10     | Noticed a +0 short sword
 14283 | D:10     | Found a hide-covered altar of Uskayaw.
 14427 | D:10     | Identified the +0 leather armour of Dramatic Exits {Str+6
                  | Dex-5}
 14774 | D:10     | Noticed a three-headed hydra
 14787 | D:10     | Killed a one-headed hydra
 15048 | D:11     | Reached skill level 9 in Shields
 15048 | D:11     | Reached XP level 11. HP: 83/83 MP: 15/15
 15158 | D:11     | Identified the +12 scythe of Xiblafusm {pain, Dex+3}
 15193 | D:11     | Noticed a two-headed ogre
 15309 | D:11     | Noticed a two-headed ogre
 15325 | D:11     | Noticed a soul eater
 15327 | D:11     | Reached XP level 12. HP: 78/91 MP: 14/17
 15653 | D:11     | Noticed Fannar
 15665 | D:11     | Killed Fannar
 15666 | D:11     | Reached skill level 1 in Necromancy
 15773 | D:11     | Reached skill level 1 in Transmutations
 15773 | D:11     | Reached skill level 1 in Fire Magic
 15805 | D:11     | Killed a two-headed ogre
 15811 | D:11     | Noticed Josephine
 15811 | D:11     | Noticed an ice dragon
 15838 | D:11     | Learned a level 1 spell: Magic Dart
 15847 | D:11     | Killed Josephine
 15924 | D:11     | Identified the +8 broad axe of Righteous Fury {freeze,
                  | rPois Dex+6}
 16339 | D:11     | Noticed a five-headed hydra
 16349 | D:10     | Killed a one-headed hydra
 16494 | D:11     | Found a staircase to the Orcish Mines.
 16813 | D:11     | Found a staircase to the Lair.
 16974 | D:11     | Killed from afar by an ice dragon

Illustrated notes

Levels and vault maps discovered:
D:1:      dpeg_arrival_castle, layout_basic, ebering_ecumenical_altar_box,
          minmay_heptomino_o4
D:2:      layout_loops_ring
D:3:      layout_basic, mainiacjoe_overflow_chevrons, grunt_ministairs_5
D:4:      layout_loops_ring, grunt_gozag_statues, serial_aquarium,
          aquarium_bridge_island_small [aquarium_subvault_small_water,
          aquarium_subvault_wall, aquarium_subvault_balcony,
          aquarium_subvault_wall, aquarium_subvault_bridge],
          aquarium_bridge_long_joined [aquarium_subvault_bridge,
          aquarium_subvault_window, aquarium_subvault_balcony,
          aquarium_subvault_bridge, aquarium_subvault_window,
          aquarium_subvault_window], aquarium_window_fake, aquarium_window_fake,
          aquarium_window_1, aquarium_view_2e, uniq_crazy_yiuf_cottage
D:5:      layout_basic, lemuel_zombie_altar_kikubaaqudgha,
          mainiacjoe_overflow_catwalk, mainiacjoe_overflow_alcove_2,
          minmay_temple_entry_glass, uniq_menkaure
D:6:      layout_basic, serial_undead, serial_undead_b, serial_undead_a,
          serial_undead_c, serial_undead_c, minmay_liquid_box, minmay_crossroads
D:7:      layout_loops_corners, lemuel_coloured_pillars_altar,
          nicolae_shop_sticking_my_neck_out
D:8:      layout_rooms, gammafunk_ghost_smash, enter_bailey_8, serial_shops,
          shop_coins, uniq_grum
D:9:      layout_rooms, demons_altar, uniq_erica
D:10:     layout_roguey, nicolae_uskayaw_en_pointe, minivault_5,
          corexii_checkpoint_a, hangedman_ranch
D:11:     minmay_coctagon, layout_basic, david_lair_shrubbed,
          minmay_orc_entry_temple_small, gauntlet_entry_generic, uniq_josephine,
          uniq_fannar

Skill      XL: |  1  2  3  4  5  6  7  8  9 10 11 12 |
---------------+-------------------------------------+-----
Axes           | 2 3 4 5 6 |  6.2
Dodging        | 2 3 4 5 6 |  6.2
Armour         | 1 2 3 4 5 |  5.9
Throwing       | 1 2 3 4 |  4.6
Fighting       | 4 5 6 7 |  7.4
Evocations     | 1 2 3 4 |  4.4
Shields        | 1 2 3 4 9 |  9.5
Summonings     | 1 2 |  2.4
Spellcasting   | 2 3 |  3.8
Poison Magic   | 2 3 4 |  4.4
Air Magic      | 2 3 |  3.3
Conjurations   | 2 3 |  3.5
Necromancy     | 2 |  2.2
Transmutations | 1 |  1.6
Fire Magic     | 1 |  1.6
Stealth        | |  4.5

Action                   |  1- 3 |  4- 6 |  7- 9 | 10-12 || total
-------------------------+-------+-------+-------+-------++-------
Melee: Hand axe          |   129 |   113 |       |   115 ||   357
       Headbutt          |    19 |    30 |    52 |    53 ||   154
       War axe           |       |     8 |   303 |   149 ||   460
Throw: Javelin           |       |    11 |    12 |    11 ||    34
       Boomerang         |       |       |     2 |       ||     2
       Throwing net      |       |       |     1 |       ||     1
       Dart              |       |       |       |    11 ||    11
Evoke: Wand              |       |       |     5 |    15 ||    20
  Use: Scroll            |     2 |       |     3 |    12 ||    17
       Potion            |       |     1 |     8 |     2 ||    11
 Stab: Sleeping          |     5 |     6 |     1 |       ||    12
       Distracted        |     1 |     1 |       |     1 ||     3
       Invisible         |       |       |     1 |       ||     1
       Paralysed         |       |       |       |    10 ||    10
Armor: Leather armour    |    16 |       |       |       ||    16
       Ring mail         |    24 |    18 |    25 |       ||    67
       Fire dragon scale |       |       |    93 |   103 ||   196
Dodge: Dodged            |   106 |    58 |   248 |   157 ||   569
Block: Kite shield       |       |    17 |   182 |   155 ||   354

Table legend: (Time is in decaauts)
 A = Elapsed time spent in this place.
 B = Non-inter-level travel time spent in this place.
 C = Inter-level travel time spent in this place.
 D = Time resting spent in this place.
 E = Time spent auto-exploring this place.
 F = Levels seen in this place.
 G = Mean time per level.
                   A        B        C        D        E       F      G
               +--------+--------+--------+--------+--------+-----+--------+
         Total |  17259 |  16249 |   1010 |    530 |  12916 |  12 | 1438.2 |
       Dungeon |  16289 |  15279 |   1010 |    306 |  12409 |  11 | 1480.8 |
        Bailey |    970 |    970 |      0 |    224 |    506 |   1 |  970.0 |
               +--------+--------+--------+--------+--------+-----+--------+

Top non-repeatable levels by time:
     D:7: 2243 daAuts
     D:4: 2034 daAuts
    D:11: 1801 daAuts
     D:6: 1741 daAuts
     D:3: 1685 daAuts
    D:10: 1593 daAuts
     D:8: 1293 daAuts
     D:5: 1198 daAuts
     D:1: 1082 daAuts
     D:2: 976 daAuts
  Bailey: 970 daAuts
     D:9: 640 daAuts
